 Dungeon Crawl Stone Soup version 0.28.0-45-g0d030f2227 (webtiles) character file.

Game seed: 16066134981244876879

24 CryoSword the Firebug (level 2, -3/20 HPs)
             Began as a Demigod Fire Elementalist on Apr 14, 2022.
             Slain by a goblin
             ... wielding a +0 club
             ... led by Robin
              (6 damage)
             ... on level 2 of the Dungeon.
             The game lasted 00:01:16 (1237 turns).

CryoSword the Firebug (Demigod Fire Elementalist)   Turns: 1237, Time: 00:01:17

Health: -3/20      AC:  2    Str:  9    XL:     2   Next: 60%
Magic:  0/7        EV: 12    Int: 17    God:
Gold:   50         SH:  0    Dex: 14    Spells: 2/5 levels left

rFire   . . .      SeeInvis .   c - +0 dagger
rCold   . . .      Faith    .   (no shield)
rNeg    . . .      Spirit   .   a - +0 robe
rPois   .          Reflect  .   (no helmet)
rElec   .          Harm     .   (no cloak)
rCorr   .          Rampage  .   (no gloves)
Will    .....                   (no boots)
Stlth   ++........              (no amulet)
HPRegen 0.06/turn               (no ring)
MPRegen 0.10/turn               (no ring)

@: no status effects
A: high MP 1, forlorn, divine attributes
a: no special abilities


You were on level 2 of the Dungeon.
You visited 1 branch of the dungeon, and saw 2 of its levels.

You collected 50 gold pieces.

Inventory:

Hand Weapons
 c - a +0 dagger (weapon)
   (You found it on level 1 of the Dungeon)
Armour
 a - a +0 robe (worn)
Scrolls
 e - a scroll of blinking {unknown}
Potions
 b - a potion of flight {unknown}
 d - a potion of magic {unknown}
 f - 2 potions of heal wounds {unknown}


   Skills:
 + Level 2.1 Dodging
 + Level 2.1 Stealth
 + Level 2.0 Spellcasting
 + Level 1.3 Conjurations
 + Level 2.9 Fire Magic


You had 2 spell levels left.
You knew the following spells:

 Your Spells              Type           Power      Damage    Failure   Level
a - Foxfire               Conj/Fire      36%        2x1d5     9%          1
b - Scorch                Fire           22%        2d6       9%          2

Your spell library contained the following spells:

 Spells                   Type           Power      Damage    Failure   Level
 Conjure Flame            Conj/Fire      9%         6-21      24%         3
 Inner Flame              Hex/Fire       6%         N/A       32%         3
 Flame Wave               Conj/Fire      9%         2d5       63%         4


Dungeon Overview and Level Annotations

Branches:
Dungeon (2/15)

Annotations:
D:2 Robin


Innate Abilities, Weirdness & Mutations

You have an increased reservoir of magic. (+10% MP)
You shall have no god before yourself.
Your divine heritage dramatically boosts your attributes as you level up.


Message History

You kill the kobold!
Your Dodging skill increases to level 2!
Memorise Scorch, consuming 2 spell levels and leaving 1?
You start memorising the spell.
You continue memorising. x2
You finish memorising.
Spell assigned to 'b'.
Okay, then.
Things that are here:
a +0 short sword; a kobold corpse; a quokka corpse A giant cockroach comes into view.
A giant cockroach is nearby!
A giant cockroach is nearby!
A giant cockroach is nearby!
The giant cockroach bites you but does no damage.
You barely miss the giant cockroach. The giant cockroach closely misses you.
You hit the giant cockroach. The giant cockroach closely misses you.
The giant cockroach bites you.
You hit the giant cockroach.
The giant cockroach bites you but does no damage.
Flames lash the giant cockroach.
You kill the giant cockroach!
A ball python comes into view.
A ball python is nearby!
A ball python is nearby!
The ball python hisses angrily.
Flames lash the ball python.
You kill the ball python!
You see here a ball python corpse.
You see here a ball python corpse.
You now have 47 gold pieces (gained 18).
f - 2 metallic black potions
Found a faded altar of an unknown god.
You enter the shallow water.
Moving in this stuff is going to be slow.
You now have 48 gold pieces (gained 1).
You now have 49 gold pieces (gained 1).
There is a faded altar of an unknown god here.
You enter the shallow water.
Moving in this stuff is going to be slow.
You now have 50 gold pieces (gained 1).
Could not explore, unopened door.
You open the door.
Found a stone staircase leading down.
There is an open door here.
A kobold comes into view. It is wielding a +0 whip.
The kobold shouts!
A kobold is nearby!
A kobold is nearby!
You conjure some foxfire!
The kobold throws a stone.
The stone closely misses you.
You conjure some foxfire!
The foxfire hits the kobold.
You kill the kobold!
Your Spellcasting skill increases to level 2!
Things that are here:
a +0 whip; 5 stones; a kobold corpse Could not explore, unopened door.
You open the door.
Found a stone staircase leading down.
There is an open door here.
A giant cockroach comes into view.
A giant cockroach is nearby!
A giant cockroach is nearby!
You conjure some foxfire!
You conjure some foxfire!
The foxfire hits the giant cockroach. x2
The foxfire hits the giant cockroach but does no damage.
A giant cockroach is nearby!
The foxfire hits the giant cockroach.
You kill the giant cockroach!
No target in view!
A jackal comes into view.
A jackal is nearby!
A jackal is nearby!
A jackal is nearby!
A jackal comes into view.
You conjure some foxfire!
The jackal barks!
You hear an angry hiss.
The jackal barely misses you.
Flames lash the jackal.
You kill the jackal!
You hear a bark!
The foxfire hits the jackal.
A ball python comes into view.
You conjure some foxfire!
The foxfire hits the jackal but does no damage.
A jackal comes into view.
Flames lash the jackal.
You kill the jackal!
The foxfire hits the ball python. x2
You kill the ball python!
You conjure some foxfire!
The foxfire hits the jackal. x2
You see here a jackal corpse.
You hit the jackal.
You kill the jackal!
No target in view!
No target in view!
You see here a giant cockroach corpse.
Key pressed, stopping explore.
There is an open door here.
Done exploring.
Done exploring.
Done exploring.
Done exploring.
You see here a +0 club.
There is a stone staircase leading down here.
You climb downwards.
There is a stone staircase leading up here. 2 goblins come into view.
There are monsters nearby!
There are monsters nearby!
A goblin comes into view. It is wielding a +0 club.
Flames lash the goblin.
The goblin shouts!
The goblin's fire resistance burns away.
You hear a shout! x4; The goblin shouts!
You hear a shout!
A goblin comes into view. It is wielding a +0 club.
The goblin shouts!
You hear a shout!
Flames lash the goblin.
You kill the goblin!
Robin of the Strong Arm comes into view.
They are wielding a +0 whip.
You miscast Scorch.
You are very lightly contaminated with residual magic.
Nothing appears to happen.
Robin shouts!
You hear a shout!
The goblin is no longer more vulnerable to fire.
The goblin hits you with a +0 dagger.
Robin roars a battlecry!
The goblins go into a battle-frenzy!
A goblin comes into view. It is wielding a +0 club.
A goblin comes into view. It is wielding a +0 club.
A goblin comes into view. It is wielding a +0 club.
Your magical contamination has completely faded away.
Robin throws the goblin at you! The goblin misses you.
You closely miss the goblin. The goblin hits you with a +0 dagger.
The goblin barely misses you.
You barely miss the goblin. The goblin completely misses you.
Robin throws the goblin at you! The goblin closely misses you.
The goblin hits you but does no damage.
Flames lash the goblin.
You kill the goblin!
The goblin hits you with a +0 club.
* * * LOW HITPOINT WARNING * * *
The goblin hits you with a +0 club.
* * * LOW HITPOINT WARNING * * *
You hit the goblin. The goblin barely misses you.
The goblin hits you with a +0 club.
* * * LOW HITPOINT WARNING * * *
You hit the goblin.
You kill the goblin!
The goblin hits you with a +0 club.
You die...

... ..# #.#
#.# . #..
g..
#.####gg...
#...gg)g#
#.##########
#.ggg.g@).<#
#####.#g####
#.#.....#
#.#####.#
#.# #.# #.#
#.# ...


You could see Robin and 4 goblins.

Vanquished Creatures
  2 ball pythons (D:1)
  2 bats (D:1)
  2 endoplasms (D:1)
  2 giant cockroaches (D:1)
  4 goblins
  3 jackals (D:1)
  3 kobolds (D:1)
  A quokka (D:1)
  A frilled lizard (D:1)
  A rat (D:1)
21 creatures vanquished.

Vanquished Creatures (others)
  35 foxfires (D:1)
35 creatures vanquished.

Grand Total: 56 creatures vanquished

Notes
Turn   | Place    | Note
-------+----------+-------------------------------------------
     0 | D:1      | CryoSword the Demigod Fire Elementalist began the quest for
                  | the Orb.
     0 | D:1      | Reached XP level 1. HP: 14/14 MP: 5/5
   192 | D:1      | Reached skill level 1 in Conjurations
   504 | D:1      | Reached XP level 2. HP: 17/20 MP: 7/7
   512 | D:1      | Learned a level 2 spell: Scorch
  1223 | D:2      | Noticed Robin
  1237 | D:2      | Slain by a goblin

Illustrated notes

Levels and vault maps discovered:
D:1:      psy_arrival_basics, layout_basic,
          hellmonk_ecumenical_altar_pennies_from_heaven
D:2:      layout_basic, uniq_crazy_yiuf_cottage, uniq_sigmund, uniq_robin

Skill      XL: |  1  2 |
---------------+-------+-----
Conjurations   | 1 |  1.3
Stealth        | 2 |  2.1
Dodging        | 2 |  2.1
Spellcasting   | 2 |  2.0
Fire Magic     | |  2.9

Action                   || total
-------------------------++-------
Melee: Dagger            ||    13
 Cast: Foxfire           ||    22
       Scorch            ||     7
Armor: Robe              ||     3
Dodge: Dodged            ||    14
